 Dungeon Crawl Stone Soup version 0.24.0-41-g2ae2f7f1be (webtiles) character file.

Game seed: 7195549233344174174, levelgen mode: deterministic

1304 Peloso the Slasher (level 8, -4/102 (103) HPs)
             Began as a Minotaur Fighter on Dec 15, 2019.
             Slain by an unseen horror (9 damage)
             ... on level 6 of the Dungeon.
             The game lasted 00:07:43 (3414 turns).

Peloso the Slasher (Minotaur Fighter)               Turns: 3414, Time: 00:07:43

HP:   -4/102 (103)  AC:  7    Str: 27    XL:     8   Next: 31%
MP:   7/7           EV:  9    Int:  5    God:
Gold: 147           SH: 11    Dex: 11    Spells: 7/7 levels left

rFire    . . .     SeeInvis .   a - +0 long sword
rCold    . . .     Gourm    .   c - +0 shield
rNeg     . . .     Faith    .   g - +0 scale mail
rPois    .         Spirit   .   (helmet restricted)
rElec    .         Reflect  .   (no cloak)
rCorr    .         Harm     .   (no gloves)
MR       .....                  (no boots)
Stlth    ..........             (no amulet)
HPRegen  0.27/turn              (no ring)
MPRegen  0.10/turn              (no ring)

@: berserking, lightly drained, very quick
A: retaliatory headbutt, horns 2
a: no special abilities


You were on level 6 of the Dungeon.
You were not hungry.

You visited 1 branch of the dungeon, and saw 6 of its levels.

You collected 147 gold pieces.

Inventory:

Hand Weapons
 a - a +0 long sword (weapon)
 b - the +4 hand axe of Xom's Benevolence {chop, *Corrode rElec rN++ Dex+3}
   (You found it on level 5 of the Dungeon)

   It inflicts extra damage upon your enemies.
   It affects your dexterity (+3).
   It insulates you from electricity.
   It greatly protects you from negative energy.
   It may corrode you when you take damage.
Armour
 c - a +0 shield (worn)
 g - a +0 scale mail (worn)
Scrolls
 e - 5 scrolls of identify {unknown}
 h - 3 scrolls of teleportation {unknown}
 i - 3 scrolls of remove curse {unknown}
 j - a scroll of blinking {unknown}
 k - 3 scrolls of amnesia {unknown}
 l - a scroll of enchant armour {unknown}
 p - a scroll of enchant weapon {unknown}
 s - a scroll of magic mapping {unknown}
Potions
 d - 2 potions of might
 m - 2 potions of berserk rage
 n - a potion of degeneration {unknown}
 o - 2 potions of flight {unknown}
 q - a potion of mutation {unknown}
 r - a potion of brilliance
Comestibles
 f - 14 rations


   Skills:
 + Level 5.6(5.2) Fighting
 + Level 7.2(6.8) Long Blades
 + Level 7.0(6.6) Armour
 + Level 2.8(2.5) Dodging
 + Level 1.1(0.7) Stealth
 + Level 6.5(6.1) Shields


You had 7 spell levels left.
You didn't know any spells.
Your spell library was empty.

Dungeon Overview and Level Annotations

Branches:
Dungeon (6/15)
 Temple: D:4-7

Altars:

Annotations:
D:3 2 transporters, Sondor's ghost, amateur DsGl


Innate Abilities, Weirdness & Mutations

You reflexively headbutt those who attack you in melee.
You have a pair of horns on your head.


Message History

Your shield prevents you from hitting something.
Your headbutt misses something. Something hits you.
* * * LOW HITPOINT WARNING * * *
Something hits you.
* * * LOW HITPOINT WARNING * * *
Something hits you but does no damage. You block something's attack.
You slash something! Something hits you!
* * * LOW HITPOINT WARNING * * *
You block something's attack. Something hits you.
* * * LOW HITPOINT WARNING * * *
It was a potion of berserk rage.
A red film seems to cover your vision as you go berserk!
You feel yourself moving faster!
You feel mighty! Something hits you but does no damage. Something hits you.
* * * LOW HITPOINT WARNING * * *
You feel a strong urge to attack something.
Something hits you.
* * * LOW HITPOINT WARNING * * *
You slash something! You headbutt something! Something hits you!
You die...

##.#.## #.# ...
##.## #.# #.#
### #)#####.#
#)......#
#######.# #.#
#.# ########.#
#..@{.)..#
#.######.# ...
#.# ###.
#............
#....>..!.#.....
####.....<. ....
#.##...## ... #.
##.## ## # #.#


There were no monsters in sight!

Vanquished Creatures
  A hippogriff (D:5)
  A necrophage (D:5)
  2 ogres
  2 centaurs (D:6)
  A bullfrog (D:3)
  7 wights (D:6)
  A centaur skeleton (D:6)
  An orc priest (D:6)
  2 hounds
  An iguana (D:5)
  A worker ant (D:6)
  A howler monkey zombie (D:5)
  3 gnolls (D:2)
  6 adders
  2 oozes (D:1)
  3 worms
  2 leopard geckos
  10 orcs
  4 giant cockroaches
  2 goblins
  5 hobgoblins
  2 jackals (D:1)
  13 kobolds
  3 quokkas
  6 bats
  5 frilled lizards
  A leopard gecko skeleton (D:5)
  8 rats
96 creatures vanquished.

Vanquished Creatures (others)
  A plant (D:3)
1 creature vanquished.

Grand Total: 97 creatures vanquished

Notes
Turn   | Place    | Note
-------+----------+-------------------------------------------
     0 | D:1      | Peloso the Minotaur Fighter began the quest for the Orb.
     0 | D:1      | Reached XP level 1. HP: 19/19 MP: 0/0
   133 | D:1      | Reached XP level 2. HP: 23/27 MP: 1/1
   403 | D:1      | Reached XP level 3. HP: 33/33 MP: 2/2
   589 | D:2      | Found a faded altar of an unknown god.
   792 | D:2      | Reached XP level 4. HP: 39/40 MP: 3/3
   882 | D:2      | Reached skill level 1 in Dodging
  1353 | D:3      | Found a transporter.
  1497 | D:3      | Reached XP level 5. HP: 46/46 MP: 4/4
  1582 | D:3      | Reached skill level 5 in Shields
  1703 | D:3      | Noticed Sondor's ghost (amateur DsGl)
  1719 | D:3      | Found a transporter.
  1804 | D:4      | You fall into a shaft and drop 1 floor!
  1804 | D:5      | Entered Level 5 of the Dungeon
  1825 | D:5      | Noticed a hippogriff
  1835 | D:5      | Killed a hippogriff
  1835 | D:5      | Reached skill level 5 in Long Blades
  1835 | D:5      | Reached skill level 5 in Armour
  1835 | D:5      | Reached XP level 6. HP: 31/53 MP: 5/5
  2005 | D:5      | Reached XP level 7. HP: 9/60 MP: 6/6
  2363 | D:5      | Got a crude hand axe
  2371 | D:5      | Identified the +4 hand axe of Xom's Benevolence {chop,
                  | *Corrode rElec rN++ Dex+3} (You found it on level 5 of the
                  | Dungeon)
  2905 | D:6      | Reached skill level 5 in Fighting
  3297 | D:6      | Reached skill level 1 in Stealth
  3297 | D:6      | Reached XP level 8. HP: 66/67 MP: 7/7
  3413 | D:6      | HP: 5/102 [something (2)]
  3414 | D:6      | Slain by an unseen horror

Levels and vault maps discovered:
D:1:      evilmike_arrival_plus, layout_basic, due_unseen_surprise
D:2:      layout_basic, chequers_ecumenical_altar_island
D:3:      layout_rooms, gammafunk_ghost_gnarly_gnolls
D:4:      layout_cave_pools, first_ration, uniq_pikel
D:5:      layout_loops_ring
D:6:      layout_loops_corners, minmay_temple_entry_ruins, grunt_gozag_statues,
          uniq_duvessa, uniq_menkaure

Skill      XL: |  1  2  3  4  5  6  7  8 |
---------------+-------------------------+-----
Shields        | 4 5 6 |  6.5
Armour         | 4 5 6 7 |  7.0
Fighting       | 4 5 |  5.6
Long Blades    | 3 4 5 6 7 |  7.2
Dodging        | 1 2 |  2.8
Stealth        | 1 |  1.1

Action                   |  1- 3 |  4- 6 |  7- 9 || total
-------------------------+-------+-------+-------++-------
Melee: Long sword        |    78 |    95 |    92 ||   265
       Headbutt          |    12 |    16 |    29 ||    57
  Use: Potion            |     2 |       |     1 ||     3
  Eat: Chunk             |       |     3 |     2 ||     5
       Ration            |       |       |     1 ||     1
Armor: Scale mail        |    48 |    46 |    37 ||   131
Dodge: Dodged            |    44 |    48 |    27 ||   119
Block: Shield            |    57 |    62 |    39 ||   158
       Rpst.: Long sword |    18 |    11 |     6 ||    35
